 Dungeon Crawl Stone Soup version 0.30-a0-571-gdf30a72648 (webtiles) character file.

Game seed: 6821531628393353677

28371 cforsyth the Eclecticist (level 13, -3/86 HPs)
             Began as a Pale Draconian Conjurer on Dec 29, 2022.
             Was an Elder of Vehumet.
             Slain by a cane toad (20 damage)
             ... on level 2 of the Lair of Beasts.
             The game lasted 01:10:03 (25382 turns).

cforsyth the Eclecticist (Pale Draconian Conjurer) Turns: 25382, Time: 01:10:04

Health: -3/86      AC: 10    Str:  9    XL:     13   Next: 9%
Magic:  0/32       EV: 12    Int: 24    God:    Vehumet [****..]
Gold:   1174       SH:  0    Dex: 16    Spells: 24/42 levels left

rFire   . . .      SeeInvis +    w - +6 hammer of the Onslaught {flame, rN+}
rCold   . . .      Faith    .    (no shield)
rNeg    + . .      Spirit   .    (body armour unavailable)
rPois   .          Reflect  .    (helmet restricted)
rElec   .          Harm     .    v - +1 cloak
rCorr   .          Rampage  .    (no gloves)
Will    .....                    (no boots)
Stlth   ++                       j - amulet of regeneration
HPRegen 1.14/turn                m - +6 ring of dexterity
MPRegen 0.23/turn                l - ring of see invisible

@: lethally poisoned (-3 -> -11)
A: breathe steam, AC +8, unfitting armour, cold-blooded, steam resistance
a: Breathe Steam, Renounce Religion


You were on level 2 of the Lair of Beasts.
You worshipped Vehumet.
Vehumet was greatly pleased with you.
You visited 3 branches of the dungeon, and saw 15 of its levels.
You also visited: Sewer and Bailey.

You collected 1174 gold pieces.

Inventory:

Hand Weapons
 w - the +6 hammer of the Onslaught (weapon) {flame, rN+}
   (You found it on level 7 of the Dungeon)

   It burns those it strikes, dealing additional fire damage.
   rN:        It protects you from negative energy.
Armour
 v - a +1 cloak (worn)
Jewellery
 j - an amulet of regeneration (around neck)
 l - a ring of see invisible (right hand)
 m - a +6 ring of dexterity (left hand)
Wands
 n - a wand of iceblast (2)
 t - a wand of mindburst (20)
 E - a wand of charming (2)
 G - a wand of polymorph (6)
Scrolls
 b - 4 scrolls of blinking
 d - 2 scrolls of teleportation
 e - a scroll of immolation
 h - a scroll of brand weapon
 q - 2 scrolls of vulnerability
 s - 3 scrolls of amnesia
 u - a scroll of torment
 x - 2 scrolls of enchant armour
 y - a scroll of fear
 C - 2 scrolls of enchant weapon
Potions
 a - a potion of magic
 c - 5 potions of flight
 f - 2 potions of attraction
 g - 3 potions of invisibility
 i - 2 potions of cancellation
 k - 3 potions of mutation
 o - 3 potions of lignification
 p - 7 potions of curing
 r - a potion of might
 z - 3 potions of brilliance
 A - 2 potions of haste
 B - a potion of heal wounds
 F - a potion of berserk rage


   Skills:
 - Level 1.7 Dodging
 - Level 1.7 Stealth
 + Level 15.0 Spellcasting
 - Level 10.0 Conjurations
 - Level 5.0 Hexes
 - Level 5.6 Fire Magic
 + Level 10.9 Air Magic


You had 24 spell levels left.
You knew the following spells:

 Your Spells              Type           Power      Damage    Failure   Level
a - Magic Dart            Conj           100%       1d8       1%          1
b - Fulminant Prism       Conj/Hex       26%        3d14      1%          4
c - Airstrike             Air            31%        2d(5-21)  1%          4
d - Iskenderun's Mystic   Conj/Tloc      42%        2d10      1%          4
e - Lightning Bolt        Conj/Air       31%        1d48      1%          5

Your spell library contained the following spells:

 Spells                   Type           Power      Damage    Failure   Level
 Mephitic Cloud           Conj/Pois/Air  51%        N/A       1%          3
 Freeze                   Ice            72%        1d8       1%          1
 Kiss of Death            Conj/Necr      100%       2d13      1%          1
 Shock                    Conj/Air       100%       1d9       1%          1
 Ensorcelled Hibernation  Hex/Ice        60%        N/A       1%          2
 Searing Ray              Conj           100%       2d8       1%          2
 Confusing Touch          Hex            42%        N/A       1%          3
 Dazzling Flash           Conj/Hex       100%       N/A       1%          3
 Hailstorm                Conj/Ice       42%        3d10      1%          3
 Inner Flame              Hex/Fire       43%        N/A       1%          3
 Stone Arrow              Conj/Erth      84%        3d12      1%          3
 Swiftness                Air            63%        N/A       1%          3
 Tukima's Dance           Hex            42%        N/A       1%          3
 Flame Wave               Conj/Fire      53%        2d13      1%          4
 Sticky Flame             Conj/Fire      53%        2d7       1%          4
 Frozen Ramparts          Ice            36%        1d6       2%          3
 Portal Projectile        Hex/Tloc       60%        N/A       3%          3
 Summon Lightning Spire   Summ/Air       44%        N/A       3%          4
 Sublimation of Blood     Necr           18%        N/A       4%          2
 Wereblood                Tmut           18%        N/A       4%          2
 Starburst                Conj/Fire      26%        6d8       5%          6
 Spider Form              Tmut/Pois      18%        N/A       10%         3
 Anguish                  Hex/Necr       15%        N/A       11%         4
 Leda's Liquefaction      Hex/Erth       15%        N/A       11%         4
 Lee's Rapid Deconstruct  Erth           9%         3d7*      22%         5
 Dispel Undead            Necr           18%        3d11      30%         4
 Maxwell's Capacitive Co  Air            31%        ∞         50%         8
 Blade Hands              Tmut           9%         N/A       65%         5
 Storm Form               Tmut/Air       22%        N/A       96%         7
 Statue Form              Tmut/Erth      12%        N/A       99%         6
 Lehudib's Crystal Spear  Conj/Erth      21%        10d6      99%         8
 Summon Hydra             Summ           9%         N/A       100%        7
 Animate Armour           Summ/Erth      Unusable   N/A       N/A         4

Dungeon Overview and Level Annotations

Branches:
Dungeon (12/15)            Temple (1/1) D:7            Lair (2/5) D:11
    Orc (0/2) D:11          Sewer (visited)          Bailey (visited)
  Swamp: Lair:2-3    Shoals: Lair:2-3     Snake: Lair:2-3    Spider: Lair:2-3

Altars:
Ashenzari
Cheibriados
Dithmenos
Elyvilon
Fedhas
Gozag
Hepliaklqana
Kikubaaqudgha
Makhleb
Nemelex Xobeh
Okawaru
Qazlal
Ru
Sif Muna
Trog
Uskayaw
Vehumet
Wu Jian
Xom
Yredelemnul
Zin
The Shining One

Annotations:
D:12 1 runed translucent door, lotum's ghost, journeyman NaFi


Innate Abilities, Weirdness & Mutations

You can breathe blasts of scalding, opaque steam.
Your pale cyan-grey scales are hard. (AC +8)
You cannot fit into any form of body armour.
You are cold-blooded and may be slowed by cold attacks.
You are immune to the effects of steam.


Message History

The blast of energy engulfs the fungus!!
The fungus is lightly damaged.
Casting: Fulminant Prism (safe; 1% risk of failure)
Confirm with . or Enter, or press ? or * to list all spells.
You don't have enough magic to cast this spell.
You barely miss the cane toad.
The cane toad is severely wounded.
The cane toad stings you!!
* * * LOW HITPOINT WARNING * * *
The cane toad misses you.
Unknown command.
Okay, then.
Unknown command.
Okay, then.
Unknown command.
Casting: Fulminant Prism (safe; 1% risk of failure)
Confirm with . or Enter, or press ? or * to list all spells.
You don't have enough magic to cast this spell.
Okay, then.
Unknown command.
Unknown command.
Okay, then.
Unknown command.
You have got your breath back.
A nearby fungus withers and dies.
The cane toad misses you. The cane toad attacks as you move away!
The cane toad barely misses you. The cane toad attacks as you move away!
The cane toad misses you.
Casting: Fulminant Prism (safe; 1% risk of failure)
Confirm with . or Enter, or press ? or * to list all spells.
Aiming: Fulminant Prism (safe; 1% risk of failure)
Press: ? - help, Dir - move target You conjure a prism of explosive energy!
A fulminant prism comes into view.
The cane toad stings you.
* * * LOW HITPOINT WARNING * * *
You are poisoned.
The cane toad poisons you!
You feel very sick. The cane toad stings you!!
You die...

#.......... ##....#
.P.. ... #.†...#.#.#.#
....
###.†.##....##....
#...............
##......#P.#.....
#..*.#..##.P.....
#.F..............
#.@......$.......
#.###P.........(.....
......(............b.
.....................
......................
.#..###.....#.##......
### ##....#### ##.P..
.##.##....## ....
.......<...# ...


You could see a cane toad (ally target) and a friendly fulminant prism.

Vanquished Creatures
  Snorg (D:11)
  A hydra (D:11)
  Erolcha (D:12)
  2 two-headed ogres
  4 death yaks (D:11)
  Sonja (D:10)
  Amaemon (D:7)
  Pikel (D:6)
  An oklob plant (D:11)
  A deep elf pyromancer (Bailey)
  An orc knight (Bailey)
  4 cyclopes
  2 ugly things
  A black mamba (Lair:1)
  Joseph (D:10)
  Maurice (D:8)
  An orange demon (D:8)
  Maggie (D:7)
  4 cane toads
  An unseen horror (D:10)
  2 komodo dragons
  2 trolls
  5 slime creatures
  Grinder (D:5)
  Prince Ribbit (D:6)
  2 shadows
  2 wraiths
  Sigmund (D:6)
  A wyvern (Lair:2)
  A vampire (D:12)
  25 yaks
  A basilisk (Lair:1)
  Grum (D:8)
  4 steam dragons
  3 vampire mosquitoes (D:11)
  2 acid dragons
  Duvessa (D:7)
  3 water moccasins
  6 ice beasts
  2 sky beasts
  9 orc warriors
  8 centaurs
  11 wolves
  An ogre (D:7)
  4 lemures (D:6)
  2 kobold brigands
  4 bullfrogs
  A gnoll sergeant (D:8)
  2 scorpions
  4 wights (D:7)
  Dowan (D:7)
  7 killer bees
  A vampire bat (D:10)
  10 jellies
  7 crimson imps (D:8)
  4 orc priests
  Crazy Yiuf (D:7)
  A hound (D:3)
  3 iguanas
  A merfolk siren (Sewer)
  14 orc wizards
  A merfolk avatar (Sewer)
  18 adders
  4 gnolls (D:8)
  3 river rats (Sewer)
  3 shadow imps
  3 white imps
  3 worms
  9 dart slugs
  44 orcs
  7 ball pythons
  2 bat skeletons (D:10)
  4 bat zombies (D:10)
  14 endoplasms
  6 giant cockroaches
  6 goblins
  10 hobgoblins
  5 jackals
  10 quokkas
  7 bats
  4 frilled lizards
  11 kobolds
  23 rats
  A spectral orc (D:6)
391 creatures vanquished.

Vanquished Creatures (collateral kills)
  A rime drake (D:11)
1 creature vanquished.

Vanquished Creatures (others)
  A troll (D:11)
  An orc (D:11)
  298 fulminant prisms
  16 fungi
  6 plants
322 creatures vanquished.

Grand Total: 714 creatures vanquished

Notes
Turn   | Place    | Note
-------+----------+-------------------------------------------
     0 | D:1      | cforsyth the Draconian Conjurer began the quest for the
                  | Orb.
     0 | D:1      | Reached XP level 1. HP: 14/14 MP: 3/3
   330 | D:1      | Reached XP level 2. HP: 20/20 MP: 1/5
   864 | D:1      | Reached XP level 3. HP: 12/26 MP: 0/7
  1389 | D:2      | Reached skill level 3 in Spellcasting
  1495 | D:2      | Reached XP level 4. HP: 33/33 MP: 4/8
  1498 | D:2      | Reached skill level 1 in Hexes
  1639 | D:2      | Learned a level 4 spell: Fulminant Prism
  2235 | D:3      | Reached skill level 5 in Conjurations
  2306 | D:3      | Reached XP level 5. HP: 38/38 MP: 8/10
  2425 | D:3      | Found a glowing drain.
  2483 | Sewer    | Entered a sewer
  3180 | Sewer    | Reached XP level 6. HP: 28/45 MP: 0/11
  4287 | D:3      | Reached skill level 4 in Spellcasting
  5194 | D:4      | Found a blossoming altar of Fedhas.
  5451 | D:4      | Found a snail-covered altar of Cheibriados.
  5800 | D:4      | Your scales start taking on a pale cyan-grey colour.
  5800 | D:4      | Reached XP level 7. HP: 50/50 MP: 9/13
  5800 | D:4      | Gained mutation: You are immune to the effects of steam.
                  | [Pale Draconian growth]
  6094 | D:4      | Found a white marble altar of Elyvilon.
  6548 | D:5      | Entered Level 5 of the Dungeon
  6736 | D:5      | Noticed Grinder
  6744 | D:5      | Paralysed by Grinder for 4 turns
  6753 | D:5      | Killed Grinder
  6754 | D:5      | Reached skill level 5 in Spellcasting
  6878 | D:5      | Found a glowing silver altar of Zin.
  6881 | D:5      | Noticed an angel
  7239 | D:5      | Found a shimmering altar of Xom.
  8514 | D:5      | Reached XP level 8. HP: 57/57 MP: 8/16
  8701 | D:6      | Noticed Prince Ribbit
  8713 | D:6      | Killed Prince Ribbit
  9086 | D:6      | Noticed Sigmund
  9101 | D:6      | Killed Sigmund
  9102 | D:6      | Reached skill level 5 in Hexes
  9165 | D:6      | Reached skill level 6 in Spellcasting
  9208 | D:6      | Noticed Pikel
  9220 | D:6      | Killed Pikel
  9415 | D:6      | Found a glowing golden altar of the Shining One.
  9433 | D:6      | Reached XP level 9. HP: 48/62 MP: 9/19
  9531 | D:6      | Reached skill level 7 in Spellcasting
  9897 | D:6      | Found a basalt altar of Yredelemnul.
  9983 | D:7      | Found a burning altar of Makhleb.
 10076 | D:7      | Found a runed translucent door.
 10076 | D:7      | Noticed Duvessa
 10076 | D:7      | Noticed Dowan
 10085 | D:7      | Killed Dowan
 10088 | D:7      | Killed Duvessa
 10175 | D:7      | Noticed Crazy Yiuf
 10309 | D:7      | Noticed Maggie
 10610 | D:7      | Reached skill level 8 in Spellcasting
 10621 | D:7      | Killed Maggie
 10812 | D:7      | Found a staircase to the Ecumenical Temple.
 10995 | D:7      | Found a shimmering blue altar of Sif Muna.
 11162 | Temple   | Entered the Ecumenical Temple
 11274 | Temple   | Became a worshipper of Vehumet
 11353 | D:7      | Killed Crazy Yiuf
 11370 | D:7      | Identified the +6 hammer of the Onslaught {flame, rN+}
 11447 | D:8      | Noticed an orange demon
 11447 | D:8      | Noticed Amaemon
 11829 | D:8      | Reached skill level 10 in Conjurations
 12164 | D:8      | Reached skill level 1 in Air Magic
 12524 | D:8      | Reached XP level 10. HP: 37/69 MP: 5/22
 12528 | D:7      | Reached skill level 9 in Spellcasting
 12683 | D:8      | Noticed Grum
 12865 | D:7      | Killed Amaemon
 12990 | D:8      | Killed an orange demon
 13136 | D:8      | Reached * piety under Vehumet
 13136 | D:8      | Offered knowledge of Sandblast by Vehumet.
 13288 | D:8      | Reached skill level 5 in Air Magic
 13293 | D:8      | Killed Grum
 13496 | D:8      | Reached skill level 10 in Spellcasting
 13731 | D:8      | Noticed Maurice
 13749 | D:8      | Killed Maurice
 14232 | D:9      | Found a large runed translucent door.
 14233 | D:9      | Found a large runed translucent door.
 14258 | D:9      | Found a bloodstained altar of Trog.
 14261 | D:9      | Found a sacrificial altar of Ru.
 14344 | D:9      | Reached skill level 11 in Spellcasting
 14452 | D:9      | Found an ornate altar of the Wu Jian Council.
 14457 | D:9      | Found a flagged portal.
 14466 | Bailey   | Entered a bailey
 14556 | Bailey   | Reached XP level 11. HP: 74/74 MP: 20/26
 14619 | Bailey   | Noticed an orc knight
 14634 | Bailey   | Killed an orc knight
 14701 | Bailey   | Reached ** piety under Vehumet
 14718 | Bailey   | Offered knowledge of Momentum Strike by Vehumet.
 14791 | Bailey   | Upgraded the game from 0.30-a0-568-g124715a40b to
                  | 0.30-a0-571-gdf30a72648
 14977 | Bailey   | Found a large runed translucent door.
 14977 | Bailey   | Found a large runed translucent door.
 14978 | Bailey   | Noticed a deep elf pyromancer
 15065 | Bailey   | Killed a deep elf pyromancer
 15066 | Bailey   | Reached skill level 12 in Spellcasting
 15074 | Bailey   | Learned a level 4 spell: Airstrike
 15079 | Bailey   | Learned a level 4 spell: Iskenderun's Mystic Blast
 15091 | Bailey   | Identified the +0 helmet "Umynel" {Rampage *Slow rN++
                  | rCorr}
 15097 | Bailey   | Identified the +1 chain mail of the Hanged Man {Int+2}
 15584 | D:10     | Entered Level 10 of the Dungeon
 15967 | D:10     | Found a sparkling altar of Nemelex Xobeh.
 15967 | D:10     | Noticed Joseph
 15996 | D:10     | Killed Joseph
 16075 | D:10     | Noticed Sonja
 16086 | D:10     | Killed Sonja
 16566 | D:10     | Found an ancient bone altar of Kikubaaqudgha.
 16570 | D:10     | Offered knowledge of Poisonous Vapours by Vehumet.
 16843 | D:11     | Noticed a two-headed ogre
 16846 | D:11     | Reached skill level 1 in Fire Magic
 17053 | D:11     | Noticed a purple ugly thing
 17078 | D:11     | Found a staircase to the Orcish Mines.
 17113 | D:11     | Reached skill level 13 in Spellcasting
 17113 | D:11     | Noticed a five-headed hydra
 17331 | D:10     | Reached *** piety under Vehumet
 17760 | D:11     | Noticed a boulder beetle
 18539 | D:10     | Killed a purple ugly thing
 18880 | D:11     | Killed a two-headed ogre
 19023 | D:11     | Noticed Snorg
 19271 | D:11     | Killed a five-headed hydra
 19271 | D:11     | Offered knowledge of Mephitic Cloud by Vehumet.
 19272 | D:11     | Reached XP level 12. HP: 31/81 MP: 20/29
 20139 | D:11     | Found a staircase to the Lair.
 20263 | D:11     | Killed Snorg
 20264 | D:11     | Reached skill level 5 in Fire Magic
 21762 | D:11     | Reached skill level 14 in Spellcasting
 21974 | D:12     | Noticed a two-headed ogre
 21980 | D:12     | Killed a two-headed ogre
 22022 | D:12     | Noticed Erolcha
 22028 | D:12     | Killed Erolcha
 22093 | D:12     | Found a runed translucent door.
 22094 | D:12     | Noticed lotum's ghost (journeyman NaFi)
 22571 | Lair:1   | Entered Level 1 of the Lair of Beasts
 22913 | Lair:1   | Noticed a death yak
 22914 | Lair:1   | Noticed a death yak
 23063 | D:11     | Learned a level 5 spell: Lightning Bolt
 23188 | D:11     | Killed a death yak
 23401 | Lair:1   | Noticed a death yak
 23407 | Lair:1   | Reached skill level 10 in Air Magic
 23605 | D:11     | Killed a death yak
 23734 | Lair:1   | Noticed a death yak
 24110 | D:11     | Killed a death yak
 24298 | D:11     | Killed a death yak
 24892 | Lair:1   | Reached XP level 13. HP: 86/86 MP: 18/31
 25362 | Lair:2   | Reached **** piety under Vehumet
 25367 | Lair:2   | Reached skill level 15 in Spellcasting
 25382 | Lair:2   | Slain by a cane toad

Illustrated notes

Levels and vault maps discovered:
D:1:      minmay_arrival_cross, layout_rooms, minmay_tromino_i2
D:2:      layout_basic, st_stairs_12
D:3:      layout_loops_ring, portal_sewer_entry_d, minmay_close_crescents
D:4:      kennysheep_slugbush, layout_loops_corners, lemuel_crystal_altar,
          mainiacjoe_overflow_tiny_flanked, nicolae_elyvilon_temple_path
D:5:      layout_basic, grunt_temple_overflow_order_and_chaos_1, uniq_grinder
D:6:      layout_loops_ring, yredelemnul_forgotten_temple_becter,
          mainiacjoe_overflow_24_doors, nicolae_concentric_dashed_squares_wild,
          roderic_three_in_a_row, uniq_sigmund, uniq_pikel, uniq_prince_ribbit1
D:7:      layout_cave_pools, kennysheep_mini_moat,
          mainiacjoe_overflow_boulevard, minmay_temple_entry_proselytizer,
          uniq_crazy_yiuf_cottage, uniq_maggie, uniq_duvessa
D:8:      layout_loops_cross, minmay_misc_feat_diagonals, minmay_nine_imps,
          uniq_amaemon, uniq_maurice, uniq_grum
D:9:      layout_roguey, mainiacjoe_overflow_catwalk, jmf_multi_god_temple2,
          enter_bailey_6, water_boxes_lemuel
D:10:     layout_layer_cave, mainiacjoe_overflow_brackets,
          kennysheep_vampire_church, small_statue_alley_a, uniq_sonja,
          uniq_joseph
D:11:     lemuel_slime, layout_loops_ring, hellmonk_lair_entry_icy, orc_0_dummy,
          kennysheep_generic_room_13, uniq_snorg
D:12:     layout_irregular_city, ebering_ghost_reflecting_pool, uniq_erolcha
Temple:   nicolae_temple_godpark
Lair:1:   layout_gridlike
Lair:2:   layout_regular_city, gammafunk_ghost_abyssal_escape, minivault_24,
          chequers_serial_rivers_marsh, lemuel_fruit_fields

Skill      XL: |  1  2  3  4  5  6  7  8  9 10 11 12 13 |
---------------+----------------------------------------+-----
Spellcasting   | 3 4 5 6 8 11 13 14 15 | 15.0
Hexes          | 1 2 3 4 5 |  5.0
Conjurations   | 5 6 8 10 | 10.0
Air Magic      | 2 5 7 10 | 10.9
Fire Magic     | 4 5 |  5.6
Dodging        | |  1.7
Stealth        | |  1.7

Action                   |  1- 3 |  4- 6 |  7- 9 | 10-12 | 13-15 || total
-------------------------+-------+-------+-------+-------+-------++-------
Melee: Unarmed           |    34 |    96 |    36 |       |       ||   166
       Tailslap          |       |     6 |    11 |     5 |       ||    22
       Mace              |       |       |     3 |    21 |     2 ||    26
       Punch             |       |       |     2 |       |       ||     2
 Cast: Magic Dart        |    64 |   258 |   262 |   122 |       ||   706
       Fulminant Prism   |       |       |    41 |   248 |    11 ||   300
       Airstrike         |       |       |       |    17 |       ||    17
       Iskenderun's Myst |       |       |       |    35 |     4 ||    39
 Abil: Breathe Steam     |       |       |     3 |    12 |     1 ||    16
Evoke: Wand              |       |       |     1 |     4 |       ||     5
  Use: Potion            |       |     7 |       |     3 |     1 ||    11
       Scroll            |       |     4 |     7 |     7 |     2 ||    20
Armor: Skin              |    22 |    82 |    55 |   138 |    11 ||   308
Dodge: Dodged            |    41 |    70 |   102 |   229 |    24 ||   466

Table legend: (Time is in decaauts)
 A = Elapsed time spent in this place.
 B = Non-inter-level travel time spent in this place.
 C = Inter-level travel time spent in this place.
 D = Time resting spent in this place.
 E = Time spent auto-exploring this place.
 F = Levels seen in this place.
 G = Mean time per level.
                   A        B        C        D        E       F      G
               +--------+--------+--------+--------+--------+-----+--------+
         Total |  25570 |  24862 |    708 |   8563 |  12047 |  17 | 1504.1 |
       Dungeon |  21989 |  21348 |    641 |   7255 |  10538 |  12 | 1832.4 |
        Temple |    134 |    119 |     15 |      0 |    106 |   1 |  134.0 |
          Lair |   1159 |   1108 |     51 |    226 |    670 |   2 |  579.5 |
         Sewer |   1608 |   1608 |      0 |    891 |    427 |   1 | 1608.0 |
        Bailey |    677 |    677 |      0 |    191 |    305 |   1 |  677.0 |
               +--------+--------+--------+--------+--------+-----+--------+

Top non-repeatable levels by time:
    D:11: 3793 daAuts
    D:10: 3421 daAuts
     D:7: 2208 daAuts
     D:5: 2036 daAuts
     D:8: 1633 daAuts
     D:4: 1613 daAuts
   Sewer: 1608 daAuts
     D:6: 1561 daAuts
    D:12: 1469 daAuts
     D:3: 1276 daAuts
     D:1: 1152 daAuts
  Lair:1: 1102 daAuts
     D:2: 1056 daAuts
     D:9: 767 daAuts
  Bailey: 677 daAuts
